Map: Ever Dream LE

Players

Throwfordays

  • Race: Protoss Protoss
  • League: Silver
  • Spawn Location: 1:00

JackEd - Winner!

  • Race: Protoss Protoss
  • League: Gold
  • Spawn Location: 7:00

VOD

Have the link to the VOD?

Description

Time

  • Played on: July 18, 2020, 2:22 a.m.
  • Length: 16:28
Show
View Real Time Build Order
Export as new Build Order

Throwfordays Protoss 

Build Orders: Cannon Rush 

Get SALT Encoding   

  12  0:08  Pylon  
  12  0:09  Probe  
  13  0:18  Probe  
  14  0:33  Forge  
  14  0:35  Probe  
  15  0:45  Pylon  
  15  1:14  Photon Cannon  
  15  1:15  Photon Cannon  
  15  1:22  Pylon  
  15  1:30  Probe  
  15  1:38  Probe  
  16  1:41  Photon Cannon  
  16  1:54  Probe  
  17  2:28  Photon Cannon  
  17  2:36  Probe  
  17  2:44  Nexus  
  17  2:45  Assimilator  
  17  2:48  Assimilator, Pylon  
  17  2:49  Probe  
  18  3:00  Probe  
  18  3:05  Gateway  
  19  3:08  Probe  
  20  3:16  Probe  
  20  3:22  Gateway  
  21  3:27  Probe  
  22  3:39  Probe  
  23  3:57  Zealot  
  23  4:00  Cybernetics Core  
  25  4:09  Zealot  
  27  4:16  Warp Gate  
  27  4:20  Probe x2  
  29  4:28  Probe x2  
  29  4:36  Probe x2  
  31  4:43  Stalker  
  35  4:46  Probe  
  35  4:47  Stalker  
  38  4:56  Probe  
  38  4:58  Probe  
  40  5:05  Gateway  
  40  5:08  Probe  
  40  5:13  Robotics Facility  
  41  5:18  Stalker  
  41  5:21  Stalker  
  45  5:22  Probe  
  46  5:32  Assimilator  
  46  5:34  Pylon  
  46  5:35  Protoss Ground Weapons Level 1  
  46  5:36  Assimilator  
  46  5:44  Pylon  
  46  5:52  Probe x2  
  48  6:02  Immortal  
  52  6:04  Probe x2  
  52  6:05  Pylon  
  46  6:15  Photon Cannon  
  46  6:16  Probe x2  
  41  6:30  Photon Cannon  
  41  6:36  Probe  
  42  6:47  Probe  
  42  6:49  Photon Cannon  
  42  6:54  Pylon  
  43  6:55  Probe  
  43  6:59  Probe  
  45  7:04  Observer  
  46  7:11  Probe  
  45  7:35  Photon Cannon  
  45  7:37  Photon Cannon  
  45  7:40  Probe  
  46  7:48  Probe  
  46  7:50  Stargate  
  46  7:53  Pylon  
  46  7:57  Probe  
  46  7:58  Probe  
  49  8:05  Probe  
  49  8:10  Probe  
  49  8:11  Stargate  
  51  8:15  Probe  
  52  8:22  Probe  
  53  8:34  Probe  
  54  8:47  Gateway  
  54  8:58  Photon Cannon  
  54  9:01  Photon Cannon  
  54  9:05  Stalker  
  54  9:06  Stalker x2  
  60  9:16  Pylon  
  60  9:22  Probe  
  61  9:34  Probe  
  62  9:38  Probe  
  62  9:43  Stalker x4  
  62  9:45  Gateway  
  71  9:50  Pylon  
  49  10:25  Void Ray x2  
  51  10:33  Pylon  
  51  10:35  Stargate  
  49  10:37  Stargate  
  49  10:49  Stalker x2  
  53  10:50  Fleet Beacon  
  53  10:51  Zealot  
  53  10:52  Zealot x2  
  53  10:54  Pylon  
  59  10:57  Pylon  
  59  10:59  Probe  
  59  11:02  Probe  
  59  11:03  Nexus  
  61  11:05  Pylon  
  61  11:08  Assimilator  
  61  11:14  Assimilator  
  61  11:23  Zealot x4  
  61  11:24  Zealot  
  71  11:37  Tempest x2  
  75  11:40  Tempest  
  77  11:47  Probe  
  78  11:59  Probe  
  79  12:10  Tempest  
  79  12:11  Probe  
  81  12:17  Nexus  
  81  12:19  Probe  
  80  12:27  Probe  
  80  12:29  Tempest  
  74  12:36  Probe  
  81  12:46  Assimilator  
  81  12:48  Probe  
  81  12:50  Tempest, Assimilator  
  87  12:54  Pylon  
  87  12:59  Tempest  
  87  13:01  Probe  
  93  13:08  Probe  
  94  13:13  Probe  
  94  13:15  Tempest  
  100  13:20  Probe  
  100  13:23  Probe  
  102  13:32  Probe  
  102  13:34  Probe  
  103  13:35  Probe  
  103  13:40  Probe  
  105  13:43  Protoss Shields Level 1  
  105  13:46  Probe  
  105  13:47  Probe  
  105  13:48  Tempest  
  113  13:50  Probe  
  113  13:52  Probe  
  114  13:56  Protoss Air Weapons Level 1  
  114  13:58  Probe  
  114  14:00  Tempest, Probe  
  121  14:08  Tempest  
  127  14:10  Probe  
  111  14:36  Nexus  
  103  14:48  Tempest  
  103  14:49  Tempest  
  103  14:50  Tempest  
  118  14:57  Probe  
  118  15:05  Probe  
  120  15:15  Probe  
  120  15:18  Probe  
  120  15:20  Nexus  
  122  15:27  Probe  
  103  15:30  Probe  
  94  15:39  Probe  
  95  15:44  Tempest  
  115  15:51  Probe  
  116  16:03  Probe  
  117  16:15  Probe  
Show
View Real Time Build Order
Export as new Build Order

JackEd Protoss - Winner!

Build Orders: Carriers 

Get SALT Encoding   

  12  0:00  Probe  
  13  0:16  Pylon  
  13  0:18  Probe  
  13  0:26  Probe  
  15  0:36  Probe  
  16  0:45  Forge  
  16  0:57  Probe  
  17  1:00  Assimilator  
  16  1:20  Photon Cannon  
  16  1:22  Photon Cannon  
  16  1:27  Pylon  
  16  1:30  Pylon  
  14  2:00  Pylon  
  14  2:06  Pylon  
  14  2:12  Probe  
  14  2:18  Pylon  
  14  2:22  Pylon  
  14  2:25  Probe  
  14  2:39  Gateway  
  14  2:45  Nexus  
  14  2:55  Probe  
  15  3:05  Probe  
  15  3:10  Assimilator  
  16  3:13  Probe  
  17  3:22  Probe  
  17  3:24  Photon Cannon  
  18  3:28  Cybernetics Core  
  19  3:34  Probe  
  19  3:38  Pylon  
  19  3:49  Probe  
  19  3:54  Pylon  
  20  4:02  Probe  
  21  4:09  Probe  
  20  4:14  Warp Gate  
  20  4:17  Probe x2  
  23  4:27  Stargate, Probe  
  23  4:29  Probe  
  25  4:39  Probe  
  25  4:41  Assimilator, Probe  
  27  4:47  Probe  
  28  4:53  Probe  
  28  4:55  Probe  
  30  5:00  Gateway  
  30  5:02  Oracle  
  30  5:06  Robotics Facility  
  33  5:20  Probe  
  34  5:24  Probe  
  35  5:41  Fleet Beacon  
  35  6:00  Assimilator  
  35  6:10  Oracle  
  38  6:31  Probe x2  
  40  6:47  Carrier  
  40  6:51  Stargate  
  46  6:59  Nexus, Protoss Air Weapons Level 1  
  46  7:02  Cybernetics Core  
  46  7:25  Nexus  
  46  7:30  Carrier  
  46  7:36  Nexus  
  46  7:44  Immortal  
  52  7:48  Protoss Air Armor Level 1  
  56  7:59  Probe  
  57  8:11  Probe  
  58  8:13  Probe  
  59  8:23  Probe  
  59  8:25  Probe  
  60  8:27  Assimilator  
  60  8:31  Assimilator  
  60  8:32  Carrier  
  60  8:33  Probe  
  68  8:43  Probe  
  68  8:44  Probe  
  70  8:52  Probe  
  70  8:53  Pylon  
  70  8:55  Pylon, Probe  
  71  9:02  Probe  
  72  9:07  Carrier, Probe  
  68  9:17  Assimilator  
  68  9:20  Assimilator  
  74  9:29  Protoss Air Weapons Level 2  
  74  9:36  Mothership, Probe, Carrier  
  81  9:42  Probe  
  81  9:48  Probe  
  81  9:50  Probe  
  83  9:58  Pylon  
  92  10:00  Probe  
  92  10:01  Pylon  
  83  10:22  Carrier  
  89  10:37  Probe  
  89  10:40  Carrier  
  96  10:49  Probe  
  97  10:50  Pylon  
  97  10:51  Pylon  
  96  11:08  Stalker x2  
  100  11:12  Shield Battery  
  100  11:16  Shield Battery  
  100  11:25  Tempest  
  105  11:37  Protoss Shields Level 1, Protoss Air Armor Level 2  
  101  11:42  Protoss Air Weapons Level 3  
  101  11:46  Carrier  
  95  12:23  Probe  
  96  12:30  Carrier  
  96  12:31  Probe  
  96  12:36  Probe  
  103  12:41  Probe  
  105  12:44  Probe  
  105  12:45  Carrier  
  106  12:54  Probe  
  113  13:09  Stargate  
  113  13:12  Stargate  
  113  13:41  Carrier  
  119  14:00  Twilight Council  
  119  14:01  Stargate  
  119  14:05  Carrier x2  
  119  14:08  Pylon  
  131  14:11  Pylon  
  131  14:22  Carrier  
  117  14:45  Carrier  
  117  14:49  Carrier  
  123  15:02  Probe  
  124  15:09  Phoenix, Carrier  
  132  15:14  Probe  
  127  15:26  Phoenix  
  117  15:50  Phoenix  
  117  15:51  Phoenix  
  117  15:53  Phoenix  
  123  16:02  Pylon  
  123  16:04  Pylon  
  123  16:05  Probe  
  123  16:07  Probe  
  123  16:09  Probe  
Tags
 
Composition
Carriers
Matchup
PvP
Replay Pack
Multiplayer
Spawn Locations
Cross Positions
Add a new tag
Caveats
  • Supply blocks, unpowered buildings, or Contaminate may cause inaccurate times.
  • Supply counts are checked every 10 seconds.